 Dungeon Crawl Stone Soup version 0.25-a0-589-g1e14c549ee (webtiles) character file.

Game seed: 9420590476589115077, levelgen mode: deterministic

117 Gynju the Poker (level 5, 0/41 HPs)
             Began as a Merfolk Skald on Mar 12, 2020.
             Succumbed to an adder's poison
             ... on level 2 of the Dungeon.
             The game lasted 00:04:25 (2320 turns).

Gynju the Poker (Merfolk Skald)                     Turns: 2320, Time: 00:04:25

Health: 0/41       AC:  4    Str: 13    XL:     5   Next: 1%
Magic:  9/9        EV: 12    Int: 12    God:
Gold:   53         SH:  0    Dex: 13    Spells: 8/9 levels left

rFire    . . .     SeeInvis .   a - +0 spear
rCold    . . .     Gourm    .   (no shield)
rNeg     . . .     Faith    .   b - +0 leather armour
rPois    .         Spirit   .   (no helmet)
rElec    .         Reflect  .   (no cloak)
rCorr    .         Harm     .   (no gloves)
MR       .....                  h - +0 pair of boots
Stlth    +.........             (no amulet)
HPRegen  0.13/turn              (no ring)
MPRegen  0.11/turn              (no ring)

@: lethally poisoned (0 -> -11)
A: change form in water, swift swim, stealthy swim
a: no special abilities


You were on level 2 of the Dungeon.
You were not hungry.

You visited 1 branch of the dungeon, and saw 2 of its levels.

You collected 53 gold pieces.

Inventory:

Hand Weapons
 a - a +0 spear (weapon)
Armour
 b - a +0 leather armour (worn)
 h - a +0 pair of boots (worn)
 m - a +0 plate armour
Jewellery
 e - an uncursed ring of ice {unknown}
 k - a cursed ring of teleportation {unknown}
 q - an uncursed ring of protection from cold {unknown}
Wands
 j - a wand of flame (24)
Scrolls
 f - a scroll of immolation {unknown}
 g - a scroll of noise {unknown}
 i - 2 scrolls of remove curse {unknown}
 p - a scroll of identify {unknown}
Potions
 l - 2 potions of cancellation {unknown}
 n - 2 potions of lignification {unknown}
 o - a potion of heal wounds {unknown}
Comestibles
 c - 6 chunks of flesh
 d - 3 rations


   Skills:
 + Level 3.3 Fighting
 + Level 4.4 Polearms
 - Level 0.6 Armour
 - Level 2.6 Dodging
 + Level 2.8 Spellcasting
 + Level 4.1 Charms


You had 8 spell levels left.
You knew the following spells:

 Your Spells              Type           Power        Failure   Level  Hunger
a - Infusion              Chrm           ##..         6%          1    #......

Your spell library contained the following spells:

 Spells                   Type           Power        Failure   Level  Hunger
 Song of Slaying          Chrm           ##......     9%          2    ###....
 Shroud of Golubria       Chrm/Tloc      #.....       21%         2    ###....
 Ozocubu's Armour         Chrm/Ice       #.......     38%         3    ###....
 Spectral Weapon          Hex/Chrm       #.......     38%         3    ###....


Dungeon Overview and Level Annotations

Branches:
Dungeon (2/15)

Altars:


Message History

* * * LOW HITPOINT WARNING * * *
You feel sick. The adder bites you but does no damage.
The adder closely misses you.
You hit the adder.
The adder is moderately wounded.
* * * LOW HITPOINT WARNING * * *
You feel sick. The adder bites you.
* * * LOW HITPOINT WARNING * * *
You miss the adder.
The adder is moderately wounded.
* * * LOW HITPOINT WARNING * * *
You feel sick. The adder bites you.
* * * LOW HITPOINT WARNING * * *
You hit the adder.
The adder is heavily wounded.
* * * LOW HITPOINT WARNING * * *
You feel sick. The adder barely misses you.
You completely miss the adder.
The adder is heavily wounded.
You die...

######....###.......#
#...##.##........# #
#(####.#.........#
#.###....######....
.. #......### ###.#..
.. #..###.## ......#(
#..# #..# ..... ..
#.## ##†##...≈≈≈ #.
#@S...⌠≈≈≈ ..
###....≈≈≈
########.#. #......
.........#. .#....
#.......#. # ##.
..#####... ### . #


You could see an adder.

Vanquished Creatures
  6 adders (D:2)
  An ooze (D:2)
  2 dart slugs
  2 leopard geckos (D:1)
  A ball python (D:2)
  6 giant cockroaches
  4 goblins (D:1)
  5 hobgoblins
  2 quokkas (D:2)
  11 bats
  3 frilled lizards
  5 kobolds
  6 rats
54 creatures vanquished.

Notes
Turn   | Place    | Note
-------+----------+-------------------------------------------
     0 | D:1      | Gynju the Merfolk Skald began the quest for the Orb.
     0 | D:1      | Reached XP level 1. HP: 16/16 MP: 3/3
   159 | D:1      | Reached XP level 2. HP: 21/23 MP: 0/5
   796 | D:1      | Reached XP level 3. HP: 26/28 MP: 6/6
  1544 | D:2      | Reached XP level 4. HP: 19/35 MP: 7/7
  2315 | D:2      | Reached XP level 5. HP: 17/41 MP: 9/9
  2318 | D:2      | HP: 1/41 [adder (4)]
  2320 | D:2      | Succumbed to an adder's poison

Levels and vault maps discovered:
D:1:      onia_arrival_pentagram, layout_basic
D:2:      layout_rooms, serial_park_tiny_pond, serial_park_tiny_1,
          minmay_close_crescents

Skill      XL: |  1  2  3  4 |
---------------+-------------+-----
Fighting       | 3 |  3.3
Polearms       | 4 |  4.4
Charms         | 4 |  4.1
Armour         | |  0.6
Dodging        | |  2.6
Spellcasting   | |  2.8

Action                   |  1- 3 |  4- 6 || total
-------------------------+-------+-------++-------
Melee: Spear             |   142 |    99 ||   241
 Cast: Infusion          |     4 |       ||     4
 Stab: Sleeping          |     1 |       ||     1
       Distracted        |       |     1 ||     1
  Eat: Chunk             |     2 |     3 ||     5
Armor: Leather armour    |    38 |    17 ||    55
Dodge: Dodged            |    77 |    52 ||   129

Table legend:
 A = Non-vault XP
 B = Vault XP
 C = Vault XP percentage of total XP
 D = Non-vault monster count
 E = Vault monster count
 F = Vault count percentage of total count
                 A         B        C        D         E       F
            +---------+---------+-------+---------+---------+-------
      Total |     168 |       0 |   0.0 |      54 |       0 |   0.0
            +---------+---------+-------+---------+---------+-------
        D:1 |      51 |       0 |   0.0 |      30 |       0 |   0.0
        D:2 |     117 |       0 |   0.0 |      24 |       0 |   0.0
            +---------+---------+-------+---------+---------+-------
